 Dungeon Crawl Stone Soup version 0.17-a0-1951-g62301d3 (webtiles) character file.

325 graki42 the Magician (level 6, -1/32 HPs)
             Began as a Deep Elf Fire Elementalist on Oct 2, 2015.
             Killed from afar by an orc wizard (5 damage)
             ... with a magic dart
             ... on level 4 of the Dungeon.
             The game lasted 00:13:02 (3402 turns).

graki42 the Magician (Deep Elf Fire Elementalist)   Turns: 3402, Time: 00:13:02

Health: -1/32      AC:  5    Str:  7    XL:     6   Next: 24%
Magic:  1/16       EV: 13    Int: 20    God:
Gold:   122        SH:  0    Dex: 15    Spells: 4 memorised, 5 levels left

rFire  . . .     SeeInvis .     p - +2 dagger (freeze)
rCold  . . .     Clarity  .     a - +0 robe
rNeg   . . .     SustAt   .     (no shield)
rPois  .         Gourm    .     m - +2 helmet
rElec  .         Spirit   .     (no cloak)
rCorr  .         Warding  .     (no gloves)
rMut   .         Stasis   .     (no boots)
MR     .....                    (no amulet)
Stlth  +.........               (no ring)
                                e - ring of loudness (curse)

@: very slightly contaminated, not resistant to hostile enchantments, very
unstealthy
A: no striking features
a: no special abilities


You were on level 4 of the Dungeon.
You were hungry.

You visited 1 branch of the dungeon, and saw 4 of its levels.

You collected 122 gold pieces.

Inventory:

Hand weapons
 p - a +2 dagger of freezing (weapon)
Armour
 a - a +0 robe (worn)
 m - a +2 helmet (worn)
Jewellery
 e - a cursed ring of loudness (left hand)
Scrolls
 f - a scroll of enchant armour
 g - 2 scrolls of fear {unknown}
 h - a scroll of recharging {unknown}
 i - a scroll of enchant weapon
 j - 2 scrolls of immolation
 l - a scroll of remove curse
 q - a scroll of identify
Potions
 k - a potion of heal wounds
 o - a potion of resistance
 r - a potion of poison {unknown}
 s - 2 potions of degeneration {unknown}
Books
 b - a book of Flames

   Spells                             Type                      Level
   a - Flame Tongue                   Conjuration/Fire             1
   b - Throw Flame                    Conjuration/Fire             2
   c - Conjure Flame                  Conjuration/Fire             3
   d - Inner Flame                    Hexes/Fire                   3
   e - Sticky Flame                   Conjuration/Fire             4
   f - Fireball                       Conjuration/Fire             5
Comestibles
 c - 5 bread rations
 d - a royal jelly
 n - 3 meat rations


   Skills:
 + Level 0.1 Fighting
 + Level 3.0 Dodging
 + Level 3.0 Stealth
 + Level 5.5 Spellcasting
 + Level 3.1 Conjurations
 + Level 0.3 Hexes
 + Level 5.3 Fire Magic


You had 5 spell levels left.
You knew the following spells:

 Your Spells              Type           Power        Failure   Level  Hunger
a - Flame Tongue          Conj/Fire      ###..        1%          1    None
b - Conjure Flame         Conj/Fire      ###.....     8%          3    ##.....
c - Inner Flame           Hex/Fire       ###.....     12%         3    ##.....
d - Sticky Flame          Conj/Fire      ###.....     21%         4    ####...


Dungeon Overview and Level Annotations

Branches:
Dungeon (4/15)
 Temple: D:4-7

Altars:
Elyvilon
Gozag
Nemelex Xobeh
Ru
Sif Muna
Trog
Xom
Yredelemnul
Zin
The Shining One


Message History

Aim: an orc wizard, wielding a dagger and wearing a robe (fast)
The flame tongue hits the orc wizard.
The orc wizard is lightly wounded.
The orc wizard gestures at you while chanting.
The magic dart hits you!
The orc wizard hits you but does no damage.
You hit the orc wizard. You freeze the orc wizard.
The orc wizard is heavily wounded.
The orc wizard gestures at you while chanting.
The magic dart hits you!
* * * LOW HITPOINT WARNING * * *
You closely miss the orc wizard.
The orc wizard is heavily wounded.
The orc wizard closely misses you.
The orc wizard hits you but does no damage.
You hit the orc wizard but do no damage.
The orc wizard is heavily wounded.
The orc wizard points at you and mumbles some strange words.
The magic dart hits you!
You die...

................[.....######.#♣♣♣
...#.#.####...>....#### #...♣
.......##..........# #####
.<.....##..........#
.................###
.....#.#.........#
......_)......##########.
#....#.#......##.........
####.#........##@######## ##♣#
.....#........##o# #..#
..............##)#### #.##
######.##.###.......# #.# #
#..............# #.# #
###...##.......##### #.#
#######.....#...........# #.#
.....##.....#.......###.# #.#
####.##.....#.........#.# #.#


You could see an orc wizard.

Vanquished Creatures
  A giant frog (D:4)
  An orc wizard (D:4)
  A worker ant (D:4)
  A hound skeleton (D:4)
  The ghost of graki42 the Firebug, a weakling DEFE (D:4)
  5 adders
  4 gnolls (D:3)
  3 worms
  4 giant geckos
  6 orcs
  3 giant cockroaches
  3 hobgoblins
  9 kobolds
  5 quokkas
  3 ball pythons (D:3)
  6 bats
  3 giant newts (D:1)
  13 goblins
  4 jackals (D:4)
  9 rats
85 creatures vanquished.

Notes
Turn   | Place    | Note
--------------------------------------------------------------
     0 | D:1      | graki42 the Deep Elf Fire Elementalist began the quest for the Orb.
     0 | D:1      | Reached XP level 1. HP: 10/10 MP: 6/6
   140 | D:1      | Reached XP level 2. HP: 4/15 MP: 0/8
   511 | D:2      | Reached skill level 4 in Fire Magic
   511 | D:2      | Reached XP level 3. HP: 19/19 MP: 5/10
   516 | D:2      | Learned a level 3 spell: Conjure Flame
   520 | D:2      | Learned a level 3 spell: Inner Flame
   566 | D:2      | Found a faded altar to an unknown god.
   634 | D:2      | Found a sparkling altar of Nemelex Xobeh.
  1456 | D:3      | Reached XP level 4. HP: 20/24 MP: 7/11
  1474 | D:3      | Found a basalt altar of Yredelemnul.
  2294 | D:3      | Reached XP level 5. HP: 28/28 MP: 3/13
  2662 | D:4      | Learned a level 4 spell: Sticky Flame
  2831 | D:4      | Found a bloodstained altar of Trog.
  2836 | D:4      | Noticed graki42's ghost (weakling DEFE)
  2841 | D:4      | Killed graki42's ghost
  2841 | D:4      | Reached skill level 5 in Fire Magic
  2932 | D:4      | Reached skill level 5 in Spellcasting
  2968 | D:4      | Found a sacrificial altar of Ru.
  2968 | D:4      | Found a deep blue altar of Sif Muna.
  2969 | D:4      | Found an opulent altar of Gozag.
  3017 | D:4      | Found a shimmering altar of Xom.
  3158 | D:4      | Reached XP level 6. HP: 28/32 MP: 11/16
  3327 | D:4      | Found a glowing silver altar of Zin.
  3338 | D:4      | Found a glowing golden altar of the Shining One.
  3339 | D:4      | Found a white marble altar of Elyvilon.
  3402 | D:4      | Killed from afar by an orc wizard

Vault maps used:
D:1:      minmay_arrival_jagged
D:2:      nemelex_xobeh_ov_fountains_minmay, ecumenical_altar_2
D:3:      yredelemnul_altar_generic
D:4:      good_gods_temple_1, lemuel_round_altar, lemuel_crystal_altar,
          gammafunk_temple_overflow_forgotten, serial_shops, nicolae_shop_trees,
          first_bread

Action                   |  1- 3 |  4- 6 || total
-------------------------+-------+-------++-------
Melee: Short sword       |    11 |       ||    11
       Dagger            |       |     4 ||     4
 Cast: Flame Tongue      |    78 |    84 ||   162
       Conjure Flame     |       |     5 ||     5
       Inner Flame       |       |     3 ||     3
  Use: Scroll            |       |     7 ||     7
 Stab: Sleeping          |     1 |     1 ||     2
  Eat: Chunk             |     1 |     6 ||     7
